 Dungeon Crawl Stone Soup version 0.29.0-4-gdea44cf6ec (webtiles) character file.

Game seed: 12344119817705808033

99 qw the Ruffian (level 4, -2/36 HPs)
             Began as a Ghoul Fire Elementalist on Aug 29, 2022.
             Slain by a gnoll
             ... wielding a +0 club
              (5 damage)
             ... on level 3 of the Dungeon.
             The game lasted 00:01:55 (2762 turns).

qw the Ruffian (Ghoul Fire Elementalist)            Turns: 2762, Time: 00:01:56

Health: -2/36      AC:  5    Str: 13    XL:     4   Next: 72%
Magic:  5/5        EV: 10    Int: 10    God:
Gold:   177        SH:  0    Dex:  9    Spells: 5/6 levels left

rFire   . . .      SeeInvis .     - Unarmed
rCold   + + .      Faith    .   (no shield)
rNeg    + + +      Spirit   .   f - +0 ring mail
rPois   inf        Reflect  .   (no helmet)
rElec   .          Harm     .   (no cloak)
rCorr   .          Rampage  .   (no gloves)
Will    .....                   (no boots)
Stlth   +.........              (no amulet)
HPRegen 0.00/turn               d - ring of protection from cold
MPRegen 0.09/turn               (no ring)

@: inhibited regen
A: claws 1, cold resistance 1, negative energy resistance 3, inhibited
regeneration, torment resistance 2, devour on kill
a: no special abilities


You were on level 3 of the Dungeon.
You visited 1 branch of the dungeon, and saw 3 of its levels.

You collected 177 gold pieces.


Innate Abilities, Weirdness & Mutations

You are immune to poison.
You have sharp fingernails.
Your flesh is cold resistant. (rC+)
You are immune to negative energy. (rN+++)
You do not regenerate when monsters are visible.
You are immune to unholy pain and torment.
You thrive by killing the living.


   Skills:
 + Level 1.7 Fighting
 - Level 1.7 Dodging
 - Level 2.1 Stealth
 - Level 4.1 Unarmed Combat
 - Level 1.7 Spellcasting
 - Level 0.7 Conjurations
 - Level 2.4 Fire Magic


You had 5 spell levels left.
You knew the following spells:

 Your Spells              Type           Power      Damage    Failure   Level
a - Foxfire               Conj/Fire      16%        2x1d4     36%         1

Your spell library contained the following spells:

 Spells                   Type           Power      Damage    Failure   Level
 Scorch                   Fire           10%        2d5       36%         2
 Conjure Flame            Conj/Fire      4%         6-21      73%         3
 Inner Flame              Hex/Fire       3%         N/A       78%         3
 Flame Wave               Conj/Fire      4%         2d5       98%         4

Inventory:

Armour
 f - a +0 ring mail (worn)
Jewellery
 d - a ring of protection from cold (left claw)
Scrolls
 e - 2 scrolls of identify
Potions
 a - a potion of mutation {unknown}
 b - 4 potions of heal wounds {unknown}

Dungeon Overview and Level Annotations

Branches:
Dungeon (3/15)

Altars:


Message History

A gnoll comes into view. It is wielding a +0 club.
A gnoll comes into view. It is wielding a +0 spear.
The gnoll shouts! x2
Found a cyan potion.
You closely miss the gnoll. The gnoll hits you with a +0 whip!
You scratch the gnoll but do no damage.
The gnoll hits you from afar with a +0 spear.
A frilled lizard comes into view.
The gnoll barely misses you.
2750 ||| Stepping ~*~*~tactically~*~*~ (outnumbered).
2751 ||| Stepping ~*~*~tactically~*~*~ (outnumbered).
The gnoll attacks as you move away! The gnoll hits you but does no damage.
2752 ||| Stepping ~*~*~tactically~*~*~ (outnumbered).
The gnoll attacks as you move away! The gnoll hits you with a +0 club.
2753 ||| Stepping ~*~*~tactically~*~*~ (outnumbered).
The gnoll attacks as you move away! The gnoll hits you with a +0 whip.
2754 ||| Stepping ~*~*~tactically~*~*~ (stealth).
You scratch the gnoll but do no damage. The gnoll hits you with a +0 club.
You barely miss the gnoll. The gnoll barely misses you.
The gnoll closely misses you.
You closely miss the gnoll. The gnoll hits you but does no damage.
The gnoll closely misses you.
You barely miss the gnoll. You scratch the gnoll.
The gnoll is moderately wounded.
The gnoll hits you with a +0 club. The gnoll barely misses you.
You barely miss the gnoll.
The gnoll is moderately wounded.
The gnoll hits you with a +0 club.
The gnoll hits you from afar with a +0 spear.
You scratch the gnoll. Your claw misses the gnoll.
The gnoll is heavily wounded.
The gnoll misses you.
The gnoll hits you from afar with a +0 spear.
You scratch the gnoll.
The gnoll is almost dead.
The gnoll hits you with a +0 club.
You die...

#### #... ########
# #... #...(..#
##.#...####@####.#
#.........#g####.#
#.......g.g......##
#.........#.......#
....l..####.###...#
#...... #.......#
##..... #.###...#
......# #.# #...#
##.!## #.# #...#


You could see 2 gnolls.

Vanquished Creatures
  Natasha (D:2)
  4 adders
  2 worms (D:2)
  6 bats
  3 endoplasms
  2 giant cockroaches
  3 goblins
  3 hobgoblins
  A quokka (D:2)
  4 ball pythons
  2 frilled lizards
  2 rats
33 creatures vanquished.

Notes
Turn   | Place    | Note
-------+----------+-------------------------------------------
     0 | D:1      | qw the Ghoul Fire Elementalist began the quest for the Orb.
     0 | D:1      | Reached XP level 1. HP: 14/14 MP: 2/2
     0 | D:1      | 0 ||| qw: Version: 0.1-a-90-g952f4b7
     0 | D:1      | 0 ||| qw: Game counter: 3716
     0 | D:1      | 0 ||| qw: Always use a shield: true
     0 | D:1      | 0 ||| qw: God list: Okawaru
     0 | D:1      | 0 ||| qw: Allow faded altars: false
     0 | D:1      | 0 ||| qw: Do Orc after D:15 true
     0 | D:1      | 0 ||| qw: Do second Lair branch before Depths: true
     0 | D:1      | 0 ||| qw: Lair rune preference: random
     0 | D:1      | 0 ||| qw: Plans: Normal
     0 | D:1      | 0 ||| PLANNING D:1-11
   180 | D:1      | Reached skill level 1 in Unarmed Combat
   240 | D:1      | 240 ||| Stepping ~*~*~tactically~*~*~ (stealth).
   342 | D:1      | Reached skill level 1 in Fighting
   342 | D:1      | Reached XP level 2. HP: 23/23 MP: 3/3
   521 | D:1      | 521 ||| UPGRADING to +0 ring mail.
   531 | D:1      | 531 ||| DROPPING +0 robe.
   532 | D:1      | 532 ||| UPGRADING to ring of protection from cold.
   533 | D:1      | 533 ||| READING 2 scrolls labelled PIS EMUDDYBRIST.
   534 | D:1      | 534 ||| READING scroll labelled VUITSE FADOL.
   635 | D:1      | 635 ||| DROPPING potion of magic.
   930 | D:2      | 930 ||| Stepping ~*~*~tactically~*~*~ (stealth).
  1043 | D:2      | Reached skill level 2 in Unarmed Combat
  1226 | D:2      | 1226 ||| Stepping ~*~*~tactically~*~*~ (stealth).
  1229 | D:2      | 1229 ||| Stepping ~*~*~tactically~*~*~ (stealth).
  1232 | D:2      | 1232 ||| Stepping ~*~*~tactically~*~*~ (stealth).
  1234 | D:2      | 1234 ||| Stepping ~*~*~tactically~*~*~ (stealth).
  1235 | D:2      | 1235 ||| Stepping ~*~*~tactically~*~*~ (stealth).
  1252 | D:2      | Reached XP level 3. HP: 23/28 MP: 4/4
  1370 | D:2      | 1370 ||| Stepping ~*~*~tactically~*~*~ (stealth).
  1411 | D:2      | Noticed Natasha
  1422 | D:2      | Killed Natasha
  1423 | D:2      | Reached skill level 3 in Unarmed Combat
  1423 | D:2      | Reached XP level 4. HP: 13/35 MP: 5/5
  1896 | D:2      | 1896 ||| Stepping ~*~*~tactically~*~*~ (stealth).
  1897 | D:2      | 1897 ||| Stepping ~*~*~tactically~*~*~ (stealth).
  1898 | D:2      | 1898 ||| Stepping ~*~*~tactically~*~*~ (stealth).
  1915 | D:2      | Noticed a floating eye
  1917 | D:2      | Found a faded altar of an unknown god.
  1919 | D:2      | Noticed a shining eye
  1919 | D:2      | Noticed a floating eye
  1919 | D:2      | Noticed a floating eye
  2057 | D:2      | 2057 ||| READING 3 scrolls of identify.
  2057 | D:2      | 2057 ||| IDENTIFYING fizzy ruby potion
  2058 | D:2      | 2058 ||| READING 2 scrolls of identify.
  2058 | D:2      | 2058 ||| IDENTIFYING viscous amethyst potion
  2059 | D:2      | 2059 ||| DROPPING potion of brilliance.
  2060 | D:2      | 2060 ||| DROPPING potion of attraction.
  2293 | D:3      | Reached skill level 4 in Unarmed Combat
  2750 | D:3      | 2750 ||| Stepping ~*~*~tactically~*~*~ (outnumbered).
  2751 | D:3      | 2751 ||| Stepping ~*~*~tactically~*~*~ (outnumbered).
  2752 | D:3      | 2752 ||| Stepping ~*~*~tactically~*~*~ (outnumbered).
  2753 | D:3      | 2753 ||| Stepping ~*~*~tactically~*~*~ (outnumbered).
  2754 | D:3      | 2754 ||| Stepping ~*~*~tactically~*~*~ (stealth).
  2760 | D:3      | HP: 8/36 [gnoll/+0 spear (4)]
  2761 | D:3      | HP: 3/36 [gnoll/+0 spear (5)]
  2762 | D:3      | Slain by a gnoll

Levels and vault maps discovered:
D:1:      ncdulo_smallfort, layout_rooms, chequers_garden
D:2:      layout_loops_ring, hellmonk_ecumenical_altar_watching_god,
          uniq_natasha
D:3:      layout_loops_corners, nicolae_overflow_hidden_temple

Skill      XL: |  1  2  3  4 |
---------------+-------------+-----
Unarmed Combat | 1 2 3 4 |  4.1
Fighting       | 1 |  1.7
Dodging        | |  1.7
Stealth        | |  2.1
Spellcasting   | |  1.7
Conjurations   | |  0.7
Fire Magic     | |  2.4

Action                   |  1- 3 |  4- 6 || total
-------------------------+-------+-------++-------
Melee: Unarmed           |   110 |    68 ||   178
  Use: Scroll            |     2 |     2 ||     4
 Stab: Sleeping          |     1 |       ||     1
Armor: Ring mail         |    45 |    11 ||    56
Dodge: Dodged            |    57 |    37 ||    94

Table legend:
 A = Non-vault XP
 B = Vault XP
 C = Vault XP percentage of total XP
 D = Non-vault monster count
 E = Vault monster count
 F = Vault count percentage of total count
                 A         B        C        D         E       F
            +---------+---------+-------+---------+---------+-------
      Total |     107 |      35 |  24.6 |      32 |       1 |   3.0
            +---------+---------+-------+---------+---------+-------
        D:1 |      13 |       0 |   0.0 |       8 |       0 |   0.0
        D:2 |      46 |      35 |  43.2 |      16 |       1 |   5.9
        D:3 |      48 |       0 |   0.0 |       8 |       0 |   0.0
            +---------+---------+-------+---------+---------+-------
